Cogmind - Beta 13 @@@ ROGUE MODE // 2024.03.20 @ 21:47:41 Player: satan5 Result: Self-destructed Performance ------------- Evolutions (2) 1000 Regions Visited (3) 600 Robots Destroyed (29) 145 Value Destroyed (914) 914 Prototype IDs (3) 60 Alien Tech Used (0) 0 Bonus (0) 0 TOTAL SCORE: 2719 Bonus ------- None Cogmind --------- Core Integrity 399/550 Matter 266/300 Energy 280/280 System Corruption 0% Temperature Cool (0) Movement Walking (105) Location -8/Materials Parts ------- > --- POWER (1) -------- Heavy Ion Engine > --- PROPULSION (4) --- Aluminum Leg Carbon-fiber Leg VSS Leg VSS Leg > --- UTILITY (4) ------ Small Storage Unit Machine Analyzer Improved Sensor Array Signal Interpreter > --- WEAPON (2) ------- Heavy Assault Rifle Minigun > --- INVENTORY (8) ---- Heavy Ion Engine Improved Heat Sink Huge Storage Unit Large Matter Pod (150) Improved Medium Laser Advanced Beam Rifle Rocket Launcher Hammer Peak State ------------ > --- POWER ------------ Heavy Ion Engine > --- PROPULSION ------- Aluminum Leg Carbon-fiber Leg VSS Leg VSS Leg > --- UTILITY ---------- Small Storage Unit Machine Analyzer Improved Sensor Array Signal Interpreter > --- WEAPON ----------- Improved Medium Laser Advanced Beam Rifle > --- INVENTORY -------- Improved Ion Engine Improved Heat Sink Huge Storage Unit Large Matter Pod Heavy Assault Rifle Minigun Rocket Launcher Hammer [Rating: 29] Favorites ----------- Power Light Ion Engine Engine Light Ion Engine Propulsion Aluminum Leg Leg Aluminum Leg Utility Small Storage Unit Device Improved Sensor Array Storage Small Storage Unit Processor Signal Interpreter Weapon Heavy Assault Rifle Energy Gun Advanced Beam Rifle Ballistic Gun Heavy Assault Rifle Build | -11 -10 -9 -8 ------- Run | Yrd Mat Mat Mat Slots Evolved 4 | . . 2 2 Power . | . . . . Propulsion 2 | . . 1 1 Utility 2 | . . 1 1 Weapon . | . . . . Parts Attached 30 | 5 1 9 15 Power 3 | 1 . 1 1 Engine 3 | 1 . 1 1 Core . | . . . . Reactor . | . . . . Propulsion 8 | 2 . 1 5 Treads . | . . . . Leg 8 | 2 . 1 5 Wheel . | . . . . Hover . | . . . . Flight . | . . . . Utility 10 | 1 . 4 5 Device 5 | . . 1 4 Storage 3 | 1 . 2 . Processor 2 | . . 1 1 Hackware . | . . . . Protection . | . . . . Artifact . | . . . . Weapon 9 | 1 1 3 4 Energy Gun 4 | . 1 1 2 Energy Cannon . | . . . . Ballistic Gun 5 | 1 . 2 2 Ballistic Cannon . | . . . . Launcher . | . . . . Special Weapon . | . . . . Impact Weapon . | . . . . Slashing Weapon . | . . . . Piercing Weapon . | . . . . Special Melee Weapon . | . . . . Unidentified Prototypes 3 | . . . 3 Parts Lost 2 | . . . 2 Power . | . . . . Propulsion 2 | . . . 2 Utility . | . . . . Weapon . | . . . . Highest Loss Streak 1 | . . . 1 To Critical Strikes . | . . . . Average Slot Usage (%) 92 | . 85 98 91 Engine 10 | . 14 11 9 Leg 32 | . 28 33 34 Device 7 | . . 10 8 Storage 10 | . 14 11 9 Processor 9 | . . 10 12 Energy Gun 10 | . 14 11 8 Ballistic Gun 10 | . 14 11 9 Naked Turns . | . . . . Heaviest Build 20 | 9 11 19 20 Greatest Support 49 | 20 20 30 49 Greatest Overweight (x) . | . . . . Average Overweight (x) . | . . . . Largest Inventory Capacity 25 | 8 8 25 8 Average Capacity 7 | 7 8 8 8 Most Carried 8 | 5 7 8 8 Average Carried 6 | 2 4 7 7 Final Capacity 8 | 8 8 8 8 Final Carried 8 | 3 7 8 8 Class Distribution -------------------- 44% | Scavenger-Mutant 41% | Mutant 13% | Skirmisher Dominant Class ---------------- Mutant | -10/Materials Scavenger-Mutant | -9/Materials Scavenger-Mutant | -8/Materials Resources | -11 -10 -9 -8 ----------- Run | Yrd Mat Mat Mat Matter Collected 901 | 250 21 228 402 Remotely . | . . . . Salvage Created 1185 | . 188 386 611 Parts 70 | . 16 20 34 Haulers Intercepted 2 | . . . 2 Recyclers Shooed 1 | . . 1 . Parts Field Recycled . | . . . . Retrieved Matter . | . . . . Parts Self-Destructed . | . . . . Prevented . | . . . . Kills | -11 -10 -9 -8 ------- Run | Yrd Mat Mat Mat Combat Hostiles Destroyed 22 | . 4 6 12 Guns 22 | . 4 6 12 Classes Destroyed 8 | . 3 3 2 Builder 1 | . . 1 . Tunneler 1 | . 1 . . Hauler 2 | . . . 2 Recycler 1 | . . 1 . Watcher 2 | . 1 1 . Swarmer 3 | . . . 3 Grunt 15 | . 4 4 7 Sentry 4 | . . 2 2 Best Kill Streak 6 | . 4 4 6 Combat Bots Only 6 | . 3 3 6 Max Kills in Single Turn 1 | . 1 1 1 Gunslinging . | . . . . Exploded . | . . . . Melee . | . . . . Uniques/NPCs Destroyed . | . . . . Combat | -11 -10 -9 -8 -------- Run | Yrd Mat Mat Mat Hostile Shots Fired 129 | . 18 28 83 Missed 25 | . 6 5 14 Damage Taken 1389 | . 145 313 931 Core 265 | . 41 73 151 Absorbed by Shields . | . . . . Regen/Repaired (Parts) 16 | . . . 16 Core Remaining (%) 88 | 100 83 81 . Volleys Fired 98 | 1 10 31 56 Largest 2 | 1 2 2 2 Hottest 117 | 20 70 79 117 Shots Fired 190 | 1 20 62 107 Gun 190 | 1 20 62 107 Cannon . | . . . . Launcher . | . . . . Special . | . . . . Kinetic 108 | 1 10 31 66 Thermal 82 | . 10 31 41 Explosive . | . . . . Electromagnetic . | . . . . Robot Hit Streak 14 | . 7 14 9 Robot Miss Streak 4 | 1 1 2 4 Penetration Max . | . . . . Secondary Targets 5 | . 2 . 3 Max Gunslinging Chain 1 | . 1 . 1 Shots Hit Robots 129 | . 13 45 71 Core Hits 53 | . 11 15 27 Critical Kills . | . . . . Critical Parts Destroyed . | . . . . Critical Strikes 9 | . . 5 4 Burn 9 | . . 5 4 Melee Attacks . | . . . . Impact . | . . . . Slashing . | . . . . Piercing . | . . . . Sneak Attacks . | . . . . Combat Hostiles . | . . . . Follow-up Attacks . | . . . . Damage Inflicted 1968 | 7 136 570 1255 Guns 1968 | 7 136 570 1255 Cannons . | . . . . Explosions . | . . . . Melee . | . . . . Ramming . | . . . . Kinetic 919 | 7 48 247 617 Thermal 1049 | . 88 323 638 Explosive . | . . . . Electromagnetic . | . . . . Impact . | . . . . Slashing . | . . . . Piercing . | . . . . Highest Corruption . | . . . . Average Corruption . | . . . . Corruption Purged . | . . . . Corruption Blocked . | . . . . Overload Shots . | . . . . Overflow Damage . | . . . . Projectiles . | . . . . Explosions . | . . . . Melee . | . . . . Knockbacks . | . . . . Impact . | . . . . Kinetic . | . . . . Secondary . | . . . . Self-Inflicted Damage . | . . . . Shots . | . . . . Rammed . | . . . . Targets Rammed . | . . . . Kicked . | . . . . Crushed . | . . . . Highest Temperature 342 | . 88 90 342 Average Temperature 66 | . 34 23 107 Received Heat Transfer 678 | . 75 108 495 Effects 2 | . . . 2 Interference 2 | . . . 2 Siege Activations . | . . . . Robots Corrupted . | . . . . Combat Hostiles . | . . . . Parts Fried . | . . . . Impact Corruptions . | . . . . Robots Melted . | . . . . Combat Hostiles . | . . . . Parts Melted 6 | . . 4 2 Heat Transferred 3034 | . 259 1258 1517 Parts Sabotaged . | . . . . Parts Stolen . | . . . . Parts Stripped . | . . . . Power Chain Reactions . | . . . . Alert | -11 -10 -9 -8 ------- Run | Yrd Mat Mat Mat Peak Influence 329 | . 167 329 325 Initial 138 | . . 70 138 Average 173 | . 68 197 213 Maximum Alert Level 1 | . . 1 1 Low Security (%) 65 | 100 100 57 53 Level 1 34 | . . 42 46 Level 2 . | . . . . Level 3 . | . . . . Level 4 . | . . . . Level 5 . | . . . . High Security . | . . . . Max Security . | . . . . Squads Dispatched 6 | . 1 1 4 Investigation 2 | . 1 . 1 Extermination . | . . . . Reinforcement 4 | . . 1 3 Assault . | . . . . Garrison . | . . . . Intercept . | . . . . Searches Triggered . | . . . . Construction Impeded . | . . . . Haulers Reinforced . | . . . . Active Scanning Responses . | . . . . Cargo Convoy Interrupts . | . . . . Stealth | -11 -10 -9 -8 --------- Run | Yrd Mat Mat Mat Distress Signals 4 | . . 2 2 Communications Jammed . | . . . . Distress Signals . | . . . . Times Spotted 43 | . 6 18 19 Peak Tracking Total 7 | . 3 7 6 Tactical Retreats 2 | . 1 1 . Traps | -11 -10 -9 -8 ------- Run | Yrd Mat Mat Mat Traps Triggered 1 | . 1 . . Indirectly . | . . . . Trap Hack Attempts . | . . . . Triggered . | . . . . Disarmed 4 | . . 4 . Reprogrammed . | . . . . Reused . | . . . . Traps Extracted . | . . . . Installed . | . . . . Triggered . | . . . . Machines | -11 -10 -9 -8 ---------- Run | Yrd Mat Mat Mat Machines Disabled 2 | . . 2 . Max in Single Turn 1 | . . 1 . Machines Repaired . | . . . . Machines Dismantled . | . . . . Machines Sabotaged . | . . . . Overloaded Fab Kills . | . . . . Hacking | -11 -10 -9 -8 --------- Run | Yrd Mat Mat Mat Machines Accessed 10 | . 1 5 4 Terminals 7 | . 1 4 2 Fabricators . | . . . . Repair Stations 1 | . . . 1 Recycling Units 1 | . . . 1 Scanalyzers 1 | . . 1 . Garrison Access . | . . . . Total Hacks 23 | . 4 8 11 Successful 11 | . 3 4 4 Failed 12 | . 1 4 7 Catastrophic 5 | . . 2 3 Database Lockouts . | . . . . Manual 9 | . . 4 5 Terminals 16 | . 4 6 6 Fabricators . | . . . . Repair Stations 3 | . . . 3 Recycling Units 2 | . . . 2 Scanalyzers 2 | . . 2 . Garrison Access . | . . . . Terminal Hacks 6 | . 3 2 1 Branch Access Points 1 | . . . 1 Alert Level 1 | . 1 . . Disarm Traps 1 | . . 1 . Garrison Status 1 | . . 1 . Hauler Manifests 1 | . 1 . . Zone Layout 1 | . 1 . . Fabricator Hacks . | . . . . Repair Station Hacks 2 | . . . 2 Scan Component 1 | . . . 1 Repair 1 | . . . 1 Recycling Unit Hacks 1 | . . . 1 Retrieve Components 1 | . . . 1 Scanalyzer 2 | . . 2 . Insert Component 1 | . . 1 . Analyze 1 | . . 1 . Garrison Access Hacks . | . . . . Unauthorized Hacks . | . . . . Terminals . | . . . . Fabricators . | . . . . Repair Stations . | . . . . Recycling Units . | . . . . Scanalyzers . | . . . . Garrison Access . | . . . . Data Cores Recovered . | . . . . Used . | . . . . Hacking Detections 10 | . 1 5 4 Full Trace Events 1 | . . . 1 Feedback Events . | . . . . Feedback Blocked . | . . . . Robot Schematics Acquired . | . . . . Robots Built . | . . . . Authchips . | . . . . Time . | . . . . Total Robot Build Rating . | . . . . Part Schematics Acquired 1 | . . 1 . Parts Built . | . . . . Authchips . | . . . . Time . | . . . . Total Part Build Rating . | . . . . Parts Repaired 1 | . . . 1 Time 38 | . . . 38 Parts Recycled . | . . . . Recycled Matter . | . . . . Retrieved Matter . | . . . . Retrieved Components 2 | . . . 2 Parts Scanalyzed 1 | . . 1 . Part Schematics Acquired 1 | . . 1 . Parts Damaged . | . . . . Bothacking | -11 -10 -9 -8 ------------ Run | Yrd Mat Mat Mat Used RIF Installer . | . . . . Robots Hacked . | . . . . Non-combat . | . . . . Combat . | . . . . Robot Hacks Applied . | . . . . Relay Couplers Released . | . . . . Fabnet Peak Effective % . | . . . . Robots Rewired . | . . . . Allies Hacked . | . . . . Hacks Repelled . | . . . . Allies | -11 -10 -9 -8 -------- Run | Yrd Mat Mat Mat Total Allies . | . . . . Largest Group . | . . . . Highest-Rated Group . | . . . . Highest-Rated Ally . | . . . . Total Orders . | . . . . Ally Attacks . | . . . . Total Damage . | . . . . Kills . | . . . . Allies Corrupted . | . . . . Allies Melted . | . . . . Intel | -11 -10 -9 -8 ------- Run | Yrd Mat Mat Mat Robot Analysis Total . | . . . . Derelict Logs Recovered . | . . . . Drone Launches . | . . . . Drone Recoveries . | . . . . Exploration | -11 -10 -9 -8 ------------- Run | Yrd Mat Mat Mat Turns Passed 1197 | 53 209 377 558 Spaces Moved 638 | 38 124 194 282 Core 9 | 9 . . . Treads . | . . . . Legs 629 | 29 124 194 282 Wheels . | . . . . Hover . | . . . . Flight . | . . . . Fastest Speed 50 | 50 120 120 100 Average Speed 115 | 103 120 120 112 Slowest Speed 120 | 120 120 120 120 Overloaded Moves . | . . . . Propulsion Burnouts . | . . . . Robots Hopped . | . . . . Cave-ins Triggered . | . . . . Exploration Rate (%) 22 | 4 34 25 27 Regions Visited 3 Branch Regions . Pre-discovered Areas . | . . . . Known Exits Taken 1 | . . 1 . Unknown Exits Taken 2 | 1 1 . . Scrap Searched . | . . . . Spaces Dug . | . . . . Terrain Destroyed . | . . . . Melee . | . . . . Projectile . | . . . . AOE . | . . . . Terrain Rammed . | . . . . Walls Destroyed . | . . . . Machines Disabled . | . . . . Actions | -11 -10 -9 -8 --------- Run | Yrd Mat Mat Mat Total 913 | 50 166 280 417 Wait 110 | . 27 32 51 Move 635 | 37 123 193 282 Hop . | . . . . Pick Up 25 | 7 5 8 5 Fast Attach 9 | 1 . 2 6 Attach 10 | 4 1 3 2 Detach . | . . . . Swap 11 | . . 4 7 Drop 15 | . . 7 8 Fire 98 | 1 10 31 56 Melee . | . . . . Ram . | . . . . Kick . | . . . . Crush . | . . . . Escape Stasis . | . . . . Rewire . | . . . . Trap . | . . . . Miscellaneous . | . . . . Route ------- -11/Scrapyard -10/Materials -9/Materials (discovered 2 exits: *Mat / [*Sto]) -8/Materials History --------- Turn | Location | Event 10 | -11/Scrapyard | Discovered new exit (range 16) 54 | -11/Scrapyard | Entered Materials 243 | -10/Materials | Discovered new exit (range 16) 263 | -10/Materials | Entered another Materials area 263 | -9/Materials | Evolved 2 slots: Propulsion x1, Utility x1 319 | -9/Materials | Build established: Mutant 325 | -9/Materials | Discovered new exit (range 16) 531 | -9/Materials | Discovered new exit (range 10) 541 | -9/Materials | Identified exit to Materials 640 | -9/Materials | Entered another Materials area 640 | -8/Materials | Evolved 2 slots: Propulsion x1, Utility x1 733 | -8/Materials | Repaired Imp. Sensor Array 754 | -8/Materials | Build established: Scavenger-Mutant 1198 | -8/Materials | Self-destructed Last Messages --------------- results: 01163_ Terminal x3 01172_ >> Machine Analyzer network decryption results: 01172_ Terminal x2 01179_ Connecting with Terminal... >>Access(Branch) No branch access points found. 01186_ W-25 Informer sends out distress signal. 01189_ K-01 Serf cleans the Atomic Centrifuge. 01189_ ALERT: Hostiles spotted, dispatching reinforcements to Terminal M007. 01190_ Destroyed Datajack. 01193_ O-16 Technician uses terminal to summon reinforcements. 01193_ ALERT: Hostiles spotted, dispatching reinforcements to Terminal M001. 01193_ O-16 Technician locks terminal. 01193_ K-01 Serf cleans the Atomic Centrifuge. Map ----- +----------------------------------------------------+ | ?????????????????????????????????????????????????? | | ?????????????????????????????????????????????????? | | ?????????????????????????????????????????????????? | | ?????????????????????????????????????????????????? | | ?????????????????????????????????????????????????? | | ?????????????????????????????????????????????????? | | ##+???? ????????????????????"T"?????????????????? | | ????? ????????????????????????"""?????????????? | | ????? ????????????????????????"""?????????????? | | ?????? #?????"""?"""???? ??????"""?????????????? | | ????? #?????"""?"""???? ??????????????????????? | | " """" #?????"""?"""?? h#?????????????????????? | | " """" #?????????????# #?????????????????????? | | " """" ##????######### #####?????????????????? | | ????? ak /?????????????????? | | ?????? ?? ?????????????? | | ??????? "T" ?????????????? | | ????????? o """ """????????????? | | ##### ?????????? """ """????????????? | | # #########???# """ k"""????????????? | | # %#[ #???# ???????????? | | # * / [ "" #???# k ???????????? | | """ # %#*= "" #???# x ??????????? | | """ # # """ #???# w ??????????????? | | """ # # #???# #?????????????????????? | | # #########???# @ #?????????????????????? | | # ############# ######?????????????????? | | +#### # #?????????????????? | | + #?????????????????? | | ###########+##### # #?????????????????? | | ????????? ??+ # #?????????????????? | | ???????# """"" ########### " #?????????????????? | | ???????# """"" #?????????# T #???"""???????????? | | #??????# """"" #?????????# " #???"""???????????? | | #??????# """"" #?????????# #???"""???????????? | | #??????# """"" #?????????######?????????????????? | | #??????#?"""""? #????????????????????????????????? | | #????????"""""??#????????????????????????????????? | | #????????????????????????????????????????????????? | | #????????????????????????????????????????????????? | | #????????????????????????????????????????????????? | | #????????????????????????????????????????????????? | | #????????????????????????????????????????????????? | | #????????????????????????????????????????????????? | | ?????????????????????????????????????????????????? | | ?????????????????????????????????????????????????? | | ?????????????????????????????????????????????????? | | ?????????????????????????????????????????????????? | | ?????????????????????????????????????????????????? | | ?????????????????????????????????????????????????? | +----------------------------------------------------+ Best States ------------- Heat Dissipation 45 Energy Generation 14 Energy Capacity 280 Matter Stores 300 Matter Capacity 300 Sight Range 16 Robot Scan Range 15 Terrain Scan Density 10 Evasion (%) 55 Item Schematics ----------------- Imp. Heat Sink | -9/Materials | Scanalyzed Robot Schematics ------------------ None Fabricated ------------ Nothing Alien Tech Used ----------------- None Achievements -------------- None Challenges ------------ None Game ------ Seed LinkedSniperDeconstructor Manual? 0 Play Time 00:13:58 Cumulative 95.4 hours Start 2024.03.20 @ 21:33:47 End 2024.03.20 @ 21:47:41 Sessions 1 Manual Loads 0 Difficulty Rogue Special Mode None Game No. 20 Rogue 6 Adventurer 14 Explorer 0 Win Type - Total 10 Types 8/0/0/1/0/0/0/0/1 Lore% 46 Gallery% 59 Achievement% 50 Wizard Run 0 Options --------- Layout 1 ASCII 0 Keyboard 0 Movement Mouse Keybinds 0 Fullscreen 1 Font 20/SmallcapsGlow Map View 50x35 Zoom Use 0% Tactical HUD 1 Map Filters NONE Filters NONE Steam 1 RUN: e449dfa1-d023-442d-bb3d-3256a75c61da